 Dungeon Crawl Stone Soup version 0.25.1-2-g60ff931df9 (webtiles) character file.

Game seed: 255361371381844252

37 raphialitos the Sneak (level 3, 0/21 HPs)
             Began as a Vampire Assassin on Oct 6, 2020.
             Slain by a ball python (1 damage)
             ... on level 2 of the Dungeon.
             The game lasted 00:02:58 (1294 turns).

raphialitos the Sneak (Vampire Assassin)            Turns: 1294, Time: 00:02:58

Health: 0/21       AC:  5    Str: 10    XL:     3   Next: 21%
Magic:  3/3        EV: 12    Int: 13    God:
Gold:   32         SH:  0    Dex: 16    Spells: 2/2 levels left

rFire    . . .     SeeInvis +   a - +2 dagger
rCold    + + .     Gourm    .   (no shield)
rNeg     + + +     Faith    .   b - +1 robe
rPois    ∞         Spirit   .   (no helmet)
rElec    .         Reflect  .   c - +0 cloak
rCorr    .         Harm     .   h - +0 pair of gloves
MR       .....                  (no boots)
Stlth    ++++++....             (no amulet)
HPRegen  0.00/turn              (no ring)
MPRegen  0.08/turn              (no ring)

@: bloodless
A: no food, fangs 3, see invisible, unbreathing
a: Bat Form, Revivify


You were on level 2 of the Dungeon.
You were bloodless.

You visited 1 branch of the dungeon, and saw 2 of its levels.

You collected 32 gold pieces.

Inventory:

Hand Weapons
 a - a +2 dagger (weapon)
Missiles
 d - 8 poisoned darts (quivered)
 e - 2 curare-tipped darts
 g - 17 sling bullets
 i - 4 boomerangs
 n - 19 arrows
Armour
 b - a +1 robe (worn)
 c - a +0 cloak (worn)
 h - a +0 pair of gloves (worn)
Potions
 f - a potion of curing {unknown}
 j - a potion of mutation {unknown}
 l - a potion of stabbing {unknown}


   Skills:
 + Level 1.8 Fighting
 + Level 2.5 Short Blades
 + Level 1.6 Throwing
 + Level 1.4 Dodging
 + Level 7.1 Stealth


You had 2 spell levels left.
You didn't know any spells.
Your spell library was empty.

Dungeon Overview and Level Annotations

Branches:
Dungeon (2/15)

Altars:
Gozag


Innate Abilities, Weirdness & Mutations

You do not eat.
You do not regenerate when monsters are visible.
You are frail without blood (-20% HP).
You can heal yourself when you bite living creatures.
You are immune to poison.
You have razor-sharp teeth.
You have supernaturally acute eyesight. (SInv)
You can survive without breathing.


Message History

* * * LOW HITPOINT WARNING * * *
The ball python closely misses you.
You closely miss the ball python. The ball python closely misses you. x2
Found 17 gold pieces.
Found a glowing whip.
The ball python barely misses you. The ball python closely misses you.
A rat comes into view.
The ball python misses you. The ball python closely misses you.
Found a scroll labeled YXKEOHI NAORO.
You see here a glowing whip.
The rat bites you but does no damage.
The ball python bites you but does no damage.
The ball python grabs you.
* * * LOW HITPOINT WARNING * * *
The ball python constricts you.
You escape the ball python's grasp.
You see here a scroll labeled YXKEOHI NAORO.
A gnoll comes into view.
The ball python bites you.
You die...

####################
...$........?..r...#####
.....)....Kg.g.S@.......
##################.#g###
# ###### ###.....#
K.......+
$$$.....###......
$K$..............#


You could see a gnoll (asleep), 2 hobgoblins, a ball python, a kobold and a rat.

Vanquished Creatures
  A dart slug (D:1)
  A leopard gecko (D:1)
  4 goblins
  3 hobgoblins (D:1)
  8 jackals (D:1)
  4 kobolds (D:1)
  5 bats (D:1)
  A frilled lizard (D:1)
  3 rats
30 creatures vanquished.

Notes
Turn   | Place    | Note
-------+----------+-------------------------------------------
     0 | D:1      | raphialitos the Vampire Assassin began the quest for the
                  | Orb.
     0 | D:1      | Reached XP level 1. HP: 16/16 MP: 1/1
    60 | D:1      | Reached skill level 6 in Stealth
    87 | D:1      | Reached XP level 2. HP: 7/17 MP: 2/2
  1006 | D:1      | Reached skill level 7 in Stealth
  1006 | D:1      | Reached XP level 3. HP: 21/21 MP: 3/3
  1248 | D:2      | Found an opulent altar of Gozag.
  1286 | D:2      | HP: 1/21 [ball python (1)]
  1294 | D:2      | Slain by a ball python

Illustrated notes

Levels and vault maps discovered:
D:1:      noname_arrival_rooms_in_the_neighbourhood, layout_loops_ring
D:2:      layout_basic, first_ration, nicolae_gozag_seed_capital,
          uniq_crazy_yiuf_cottage, uniq_jessica

Skill      XL: |  1  2 |
---------------+-------+-----
Stealth        | 6 7 |  7.1
Fighting       | |  1.8
Short Blades   | |  2.5
Throwing       | |  1.6
Dodging        | |  1.4

Action                   || total
-------------------------++-------
Melee: Dagger            ||    80
       Bite              ||     3
 Abil: Exsanguinate      ||     1
  Use: Scroll            ||     2
 Stab: Sleeping          ||    10
       Distracted        ||     1
Armor: Robe              ||    27
Dodge: Dodged            ||    93
